AoeStats
← Dinsomnia

Black Forest

509931524Analyzed
4v4 RM · 2d ago on Sep 28, 2026· 19m 55s· 8 players
Game mode
Random Map
Map size
Large (8 player)
Population
200
Speed
Normal
Resources
Standard
Victory
Conquest
Starting age
Dark Age
Ending age
Imperial Age
RankedLock teamsTeams togetherTeam positionsShared explorationLock speedFull tech treeHidden civsTurbo modeCheats
Victory
Defeat
🇰🇷 Hindustanis · South Korea
1141
+13
🇸🇪 Khmer · Sweden
1108
+15
🇺🇸 Danes · United States
1103
+15
🇿🇦 Persians · South Africa
1098
+15
🇨🇳 Franks · China
1171
-18
🇨🇳 Magyars · China
1120
-16
🇨🇴 Romans · Colombia
1028
-12
🇦🇷 Persians · Argentina
1010
-12
Acadia744
5:02 Loom
13:35 Feudal Age
18:28 Castle Age
17:01 Double-Bit Axe
19:06 Scale Barding Armor
19:06 Fishing Lines
20:16 Forging
Tarragof
Straat Kat
4:46 Loom
12:52 Feudal Age
16:54 Castle Age
16:21 Double-Bit Axe
16:18 Horse Collar
19:15 Scale Barding Armor
Dinsomnia
1:08 Loom
13:00 Feudal Age
14:19 Double-Bit Axe
17:06 Castle Age
14:56 Horse Collar
16:43 Scale Barding Armor
16:48 Forging
17:25 Gold Mining
17:57 Bloodlines
17:10 Light Cavalry
Agneta
默默发育
AriaFairyPrincess
4:40 Loom
axelinho 123836
1:26 Loom
Connection lost

Rejoining the realm…

Still unreachable

The connection could not be restored.

Session expired

The server has moved on; the page needs a fresh start.